 Dungeon Crawl Stone Soup version 0.23.2-40-g277498a001 (webtiles) character file.

Game seed: 1415203479263626278

53 MalarOregon the Poker (level 3, -1/28 HPs)
             Began as a Merfolk Skald on Aug 23, 2019.
             Slain by a worm (7 damage)
             ... on level 2 of the Dungeon.
             The game lasted 00:02:27 (1248 turns).

MalarOregon the Poker (Merfolk Skald)               Turns: 1248, Time: 00:02:28

Health: -1/28      AC:  3    Str: 11    XL:     3   Next: 87%
Magic:  6/6        EV: 12    Int: 19    God:
Gold:   50         SH:  0    Dex: 13    Spells: 3/6 levels left

rFire    . . .     SeeInvis .   a - +0 spear
rCold    . . .     Gourm    .   (no shield)
rNeg     . . .     Faith    .   b - +0 leather armour
rPois    .         Spirit   .   (no helmet)
rElec    .         Reflect  .   (no cloak)
rCorr    .         Harm     .   (no gloves)
MR       .....                  (no boots)
Stlth    +.........             (no amulet)
HPRegen  0.09/turn              f - +6 ring of intelligence
MPRegen  0.10/turn              (no ring)

@: no status effects
A: change form in water, swift swim, stealthy swim
a: no special abilities


You were on level 2 of the Dungeon.
You were not hungry.

You visited 1 branch of the dungeon, and saw 2 of its levels.

You collected 50 gold pieces.

Inventory:

Hand Weapons
 a - a +0 spear (weapon)
 k - a +0 blowgun
   (You took it off a kobold on level 2 of the Dungeon)
Armour
 b - a +0 leather armour (worn)
 i - a +0 pair of gloves
   (You found it on level 1 of the Dungeon)
Jewellery
 f - a +6 ring of intelligence (left hand)
   (You found it on level 1 of the Dungeon)
Scrolls
 g - a scroll of magic mapping {unknown}
 h - a scroll of teleportation {unknown}
Potions
 c - a potion of lignification {unknown}
 j - a potion of heal wounds {unknown}
 l - a potion of brilliance {unknown}
 m - a potion of resistance {unknown}
Comestibles
 e - 2 rations {!d}


   Skills:
 + Level 2.6 Fighting
 * Level 4.1 Polearms
 + Level 1.1 Armour
 + Level 3.1 Dodging
 + Level 2.3 Spellcasting
 + Level 3.5 Charms


You had 3 spell levels left.
You knew the following spells:

 Your Spells              Type           Power        Failure   Level  Hunger
a - Infusion              Chrm           ###.         4%          1    #......
q - Shroud of Golubria    Chrm/Tloc      #.........   16%         2    ##.....

Your spell library contained the following spells:

 Spells                   Type           Power        Failure   Level  Hunger
 Song of Slaying          Chrm           ###.....     8%          2    ##.....
 Swiftness                Chrm/Air       #.......     16%         2    ##.....
 Shock                    Conj/Air       #...         22%         1    #......
 Regeneration             Chrm/Necr      #.........   30%         3    ###....
 Spectral Weapon          Hex/Chrm       #.......     30%         3    ###....
 Static Discharge         Conj/Air       #.......     54%         3    ###....
 Airstrike                Air            #.........   91%         4    #####..
 Lightning Bolt           Conj/Air       #.........   99%         5    ######.


Dungeon Overview and Level Annotations

Branches:
Dungeon (2/15)

Altars:

Annotations:
D:2 Terence


Message History

There is a stone staircase leading up here.
You climb upwards.
There is a stone staircase leading down, spattered with blood here.
You start resting.
There is a stone staircase leading down here.
You climb downwards.
Level annotation: Terence
There is a stone staircase leading up here.
You are feeling very hungry.
A goblin comes into view.
The goblin shouts!
A goblin is nearby!
You hit the goblin. The goblin closely misses you.
You hit the goblin.
You kill the goblin!
No target in view!
No target in view!
No target in view!
No target in view!
No target in view!
No target in view!
No target in view!
No target in view!
No target in view!
No target in view!
You butcher the goblin corpse.
d - a chunk of flesh You see here a goblin skeleton. x2
Eating a chunk of flesh.
You eat the chunk of flesh.
A worm comes into view.
A worm is nearby!
A worm is nearby!
Found a ration.
Found a short sword.
Attack whom?
Aim: a worm You reach to attack!
You hit the worm but do no damage. You hit the worm. You hit the worm.
The worm bites you!
You hit the worm. You hit the worm but do no damage.
The worm barely misses you.
You hit the worm. You hit the worm but do no damage. The worm bites you!
* * * LOW HITPOINT WARNING * * *
You hit the worm but do no damage. You hit the worm. The worm bites you.
* * * LOW HITPOINT WARNING * * *
You hit the worm. You hit the worm. The worm bites you!
You die...

......# .%....#
......# .....#
####.....#
#........#
##...w....#
#...@.....#
#...#.....#
#...#....##
#...#.)....#
#...##.....#
####...##.....#
#####........######
#............#
###.........#


You could see a worm.

Vanquished Creatures
  3 gnolls
  A dart slug (D:1)
  A giant cockroach (D:2)
  5 goblins
  A hobgoblin (D:1)
  3 jackals (D:2)
  3 bats
  4 kobolds
  3 rats
24 creatures vanquished.

Notes
Turn   | Place    | Note
-------+----------+-------------------------------------------
     0 | D:1      | MalarOregon the Merfolk Skald began the quest for the Orb.
     0 | D:1      | Reached XP level 1. HP: 16/16 MP: 3/3
   156 | D:1      | Reached XP level 2. HP: 22/22 MP: 5/5
   160 | D:1      | Learned a level 2 spell: Shroud of Golubria
   658 | D:1      | Reached skill level 1 in Armour
   658 | D:1      | Reached XP level 3. HP: 27/28 MP: 6/6
   670 | D:1      | Reached skill level 4 in Polearms
  1017 | D:2      | Noticed Terence
  1248 | D:2      | Slain by a worm

Skill      XL: |  1  2  3 |
---------------+----------+-----
Armour         | 1 |  1.1
Dodging        | 3 |  3.1
Polearms       | 4 |  4.1
Fighting       | |  2.6
Spellcasting   | |  2.3
Charms         | |  3.5

Action                   || total
-------------------------++-------
Melee: Spear             ||   118
 Stab: Sleeping          ||     1
  Eat: Chunk             ||     1
Armor: Leather armour    ||    13
Dodge: Dodged            ||    55
